 Dungeon Crawl Stone Soup version 0.28-a0-643-g84cb2ea78e (webtiles) character file.

Game seed: 13194504166168902832

786 SkeletonJelly the Magician (level 7, -20/36 HPs)
             Began as a Tengu Fire Elementalist on Oct 11, 2021.
             Killed by an exploding gnoll (33 damage)
             ... ignited by their inner flame
             ... on level 4 of the Dungeon.
             The game lasted 00:15:37 (5993 turns).

SkeletonJelly the Magician (TeFE)                   Turns: 5993, Time: 00:15:37

Health: -20/36     AC:  2    Str:  9    XL:     7   Next: 87%
Magic:  8/16       EV: 15    Int: 17    God:
Gold:   138        SH:  0    Dex: 14    Spells: 4/17 levels left

rFire   . . .      SeeInvis .   g - +2 long sword (freeze)
rCold   . . .      Faith    .   (no shield)
rNeg    . . .      Spirit   .   a - +0 robe
rPois   .          Reflect  .   (helmet restricted)
rElec   .          Harm     .   (no cloak)
rCorr   .          Rampage  .   (no gloves)
Will    .....                   (boots unavailable)
Stlth   ++........              (no amulet)
HPRegen 0.12/turn               k - ring of wizardry
MPRegen 0.15/turn               (no ring)

@: flying quickly and evasively, quick
A: beak, talons 3, nimble flight
a: no special abilities


You were on level 4 of the Dungeon.
You visited 1 branch of the dungeon, and saw 4 of its levels.

You collected 138 gold pieces.

Inventory:

Hand Weapons
 d - a +2 dagger of distortion
 g - a +2 long sword of freezing (weapon)
Missiles
 l - 18 poisoned darts
Armour
 a - a +0 robe (worn)
Jewellery
 k - a ring of wizardry (left hand)
Wands
 n - a wand of polymorph (8)
Scrolls
 b - 2 scrolls of noise {unknown}
 c - a scroll of identify {unknown}
 e - 3 scrolls of magic mapping {unknown}
 h - 2 scrolls of teleportation {unknown}
Potions
 f - a potion of haste {unknown}
 i - a potion of flight {unknown}
 j - 3 potions of heal wounds {unknown}
 m - a potion of curing


   Skills:
 - Level 2.3 Dodging
 - Level 2.1 Stealth
 * Level 5.7 Spellcasting
 + Level 5.5 Conjurations
 + Level 5.6 Fire Magic


You had 4 spell levels left.
You knew the following spells:

 Your Spells              Type           Power      Damage    Failure   Level
a - Foxfire               Conj/Fire      92%        2x1d8     1%          1
c - Conjure Flame         Conj/Fire      23%        6-21      1%          3
q - Inner Flame           Hex/Fire       14%        N/A       4%          3
s - Scorch                Fire           48%        2d7       1%          2
w - Flame Wave            Conj/Fire      23%        3d6       5%          4

Your spell library contained the following spells:

 Spells                   Type           Power      Damage    Failure   Level
 Sting                    Tmut/Pois      16%        1d3       5%          1
 Poisonous Vapours        Pois/Air       8%         N/A       9%          2
 Cause Fear               Hex            2%         N/A       45%         4
 Olgreb's Toxic Radiance  Pois           4%         N/A       45%         4
 Discord                  Hex            2%         N/A       100%        8


Dungeon Overview and Level Annotations

Branches:
Dungeon (4/15)
 Temple: D:4-7

Altars:


Innate Abilities, Weirdness & Mutations

You have a beak for a mouth.
You have claws for feet.
Your magical nature lets you fly swiftly and evasively.


Message History

Key pressed, stopping explore.
Things that are here:
a giant cockroach corpse; an adder corpse An iguana comes into view.
Found 22 bolts.
The iguana hisses angrily.
The iguana moves out of view.
An iguana is nearby!
An iguana is nearby!
An iguana is nearby!
An iguana is nearby!
An iguana is nearby!
You conjure some foxfire!
You now have 15/16 mp.
You conjure some foxfire!
The iguana bites you.
You take 6 damage, and have 30/36 hp.
You now have 14/16 mp.
Casting: Foxfire (safe; 1% risk of failure)
Confirm with . or Enter, or press ? or * to list all spells.
You miscast Scorch.
You are very lightly contaminated with residual magic.
Nothing appears to happen.
The foxfire hits the iguana.
The iguana is moderately wounded.
The foxfire hits the iguana.
The iguana is moderately wounded.
The iguana misses you.
You now have 12/16 mp.
Casting: Scorch (safe; 1% risk of failure)
Confirm with . or Enter, or press ? or * to list all spells.
Flames lash the iguana.
The iguana is severely wounded.
The iguana's fire resistance burns away.
The iguana bites you.
You take 3 damage, and have 27/36 hp.
You now have 10/16 mp.
Casting: Scorch (safe; 1% risk of failure)
Confirm with . or Enter, or press ? or * to list all spells.
Flames lash the iguana.
The iguana is burned terribly!
You kill the iguana!
You now have 8/16 mp.
Casting: Scorch (safe; 1% risk of failure)
Confirm with . or Enter, or press ? or * to list all spells.
You can't see any susceptible monsters within range! (Use Z to cast anyway.)
Your magical contamination has completely faded away.
Key pressed, stopping explore.
You see here a +0 helmet.
Found a stone staircase leading down.
Health restored: 36; MP restored: 16 You now have 138 gold pieces (gained 10).
There is a stone staircase leading down here.
Found 5 javelins.
A gnoll comes into view. It is wielding a +0 whip.
Found a mace. 2 gnolls come into view.
Casting: Scorch (safe; 1% risk of failure)
Confirm with . or Enter, or press ? or * to list all spells.
Aiming: Inner Flame (dangerous; 4% risk of failure)
Press: ? - help, Shift-Dir - straight line, f - gnoll
Aim: a gnoll, wielding a +0 flail (asleep, chance to affect: 76%)
The gnoll shouts!
The gnoll barely resists.
The gnoll shouts!
The gnoll throws a throwing net.
The throwing net closely misses you.
You now have 13/16 mp.
Casting: Inner Flame (dangerous; 4% risk of failure)
Confirm with . or Enter, or press ? or * to list all spells.
Aiming: Inner Flame (dangerous; 4% risk of failure)
Press: ? - help, Shift-Dir - straight line, f/p - gnoll
Aim: a gnoll, wielding a +0 flail (chance to affect: 76%)
The gnoll barely resists.
You now have 10/16 mp.
You hit the gnoll. You freeze the gnoll. Your kick misses the gnoll.
The gnoll is heavily wounded.
The gnoll misses you.
The gnoll hits you from afar with a +0 spear.
You take 6 damage, and have 30/36 hp.
Casting: Inner Flame (dangerous; 4% risk of failure)
Confirm with . or Enter, or press ? or * to list all spells.
Aiming: Inner Flame (dangerous; 4% risk of failure)
Press: ? - help, Shift-Dir - straight line, f/p - gnoll
Aim: a gnoll, wielding a +0 flail (heavily wounded, chance to affect: 76%)
The gnoll is filled with an inner flame.
The gnoll misses you. The gnoll hits you but does no damage.
You now have 8/16 mp.
You barely miss the gnoll.
The gnoll is heavily wounded.
The gnoll hits you with a +0 flail.
The gnoll hits you from afar with a +0 spear!
The gnoll completely misses you.
You take 14 damage, and have 17/36 hp.
MASSIVE DAMAGE!!
You hit the gnoll but do no damage.
The gnoll is heavily wounded.
The gnoll misses you. The gnoll hits you with a +0 flail.
The gnoll closely misses you.
You take 4 damage, and have 13/36 hp.
You slash the gnoll! You freeze the gnoll.
The gnoll explodes!
The fiery explosion engulfs the gnoll!!
You kill the gnoll!
The fiery explosion engulfs you!!
Ouch! That really hurt!
You die...

#......# .. #. #......# #
..####. #......# # ##...#.
#......# ## #...... #......#
##. ....... #####.. .......
###########..[..#
......(#####...>.......#####
#......(g§§@.###########
.......####### .......
..).... #.....# ##...# ####


You could see a gnoll.

Vanquished Creatures
  An ogre (D:2)
  A wyvern zombie (D:4)
  4 wights (D:3)
  A centaur skeleton (D:4)
  A hound (D:4)
  Terence (D:2)
  Natasha (thrice) (D:3)
  An iguana (D:4)
  3 orc wizards (D:3)
  9 adders
  5 gnolls
  A howler monkey skeleton (D:4)
  2 adder skeletons (D:4)
  2 worms
  A dart slug (D:1)
  8 orcs (D:3)
  8 ball pythons
  7 endoplasms
  4 giant cockroaches
  9 goblins
  3 hobgoblins (D:2)
  6 jackals
  3 kobolds
  3 quokkas
  6 bats
  2 frilled lizards (D:1)
  2 rats
97 creatures vanquished.

Vanquished Creatures (others)
  428 foxfires
428 creatures vanquished.

Grand Total: 525 creatures vanquished

Notes
Turn   | Place    | Note
-------+----------+-------------------------------------------
     0 | D:1      | SkeletonJelly the Tengu Fire Elementalist began the quest
                  | for the Orb.
     0 | D:1      | Reached XP level 1. HP: 10/10 MP: 4/4
   230 | D:1      | Reached XP level 2. HP: 7/15 MP: 1/6
  1287 | D:1      | Reached XP level 3. HP: 19/19 MP: 4/7
  2007 | D:2      | Learned a level 2 spell: Scorch
  2011 | D:2      | Learned a level 3 spell: Inner Flame
  2308 | D:2      | Noticed an ogre
  2322 | D:2      | Killed an ogre
  2323 | D:2      | Reached XP level 4. HP: 24/24 MP: 0/10
  2323 | D:2      | Gained mutation: Your magical nature lets you fly swiftly
                  | and evasively. [Tengu growth]
  2323 | D:2      | Reached XP level 5. HP: 28/28 MP: 0/11
  3010 | D:2      | Found a faded altar of an unknown god.
  3221 | D:2      | Noticed Terence
  3237 | D:2      | Killed Terence
  3516 | D:2      | Reached XP level 6. HP: 27/32 MP: 7/13
  3663 | D:3      | Noticed Natasha
  3666 | D:3      | Killed Natasha
  3982 | D:3      | Noticed Natasha
  3985 | D:3      | Killed Natasha
  4071 | D:3      | Noticed Natasha
  4074 | D:3      | Killed Natasha
  4305 | D:3      | Reached skill level 5 in Fire Magic
  4305 | D:3      | Reached XP level 7. HP: 36/36 MP: 9/15
  4533 | D:3      | Reached skill level 5 in Spellcasting
  4755 | D:3      | Reached skill level 5 in Conjurations
  5334 | D:4      | Learned a level 4 spell: Flame Wave
  5338 | D:4      | Learned a level 3 spell: Conjure Flame
  5993 | D:4      | Killed by an exploding gnoll... ignited by their inner
                  | flame

Illustrated notes

Levels and vault maps discovered:
D:1:      onia_arrival_mini_spirals, layout_basic
D:2:      layout_rooms, shapermc_ecumenical_altar_totnotflames,
          dk_noncrumbling_2, uniq_terence
D:3:      layout_loops_cross, corexii_item_surrounded_by_moat, uniq_natasha
D:4:      layout_rooms, hangedman_minor_gate_pass

Skill      XL: |  1  2  3  4  5  6  7 |
---------------+----------------------+-----
Conjurations   | 2 3 4 5 |  5.5
Spellcasting   | 3 4 5 |  5.7
Fire Magic     | 4 5 |  5.6
Dodging        | |  2.3
Stealth        | |  2.1

Action                   |  1- 3 |  4- 6 |  7- 9 || total
-------------------------+-------+-------+-------++-------
Melee: Unarmed           |    10 |     6 |       ||    16
       Kick              |     4 |       |     1 ||     5
       Peck              |     2 |       |     1 ||     3
       Long sword        |       |       |    15 ||    15
 Cast: Foxfire           |    93 |    91 |    98 ||   282
       Inner Flame       |     2 |     5 |     9 ||    16
       Scorch            |     1 |    17 |     3 ||    21
  Use: Potion            |     1 |       |       ||     1
Armor: Robe              |     8 |     3 |     3 ||    14
Dodge: Dodged            |    36 |    18 |    17 ||    71

Table legend: (Time is in decaauts)
 A = Elapsed time spent in this place.
 B = Non-inter-level travel time spent in this place.
 C = Inter-level travel time spent in this place.
 D = Time resting spent in this place.
 E = Time spent auto-exploring this place.
 F = Levels seen in this place.
 G = Mean time per level.
                   A        B        C        D        E       F      G
               +--------+--------+--------+--------+--------+-----+--------+
         Total |   5855 |   5621 |    234 |      0 |   4751 |   4 | 1463.8 |
       Dungeon |   5855 |   5621 |    234 |      0 |   4751 |   4 | 1463.8 |
               +--------+--------+--------+--------+--------+-----+--------+

Top non-repeatable levels by time:
     D:1: 2144 daAuts
     D:2: 1620 daAuts
     D:3: 1366 daAuts
     D:4: 724 daAuts
